 Dungeon Crawl Stone Soup version 0.32-a0-290-g598725c5f2 (webtiles) character file.

Game seed: 6361535015012116271

2226 timneilson the Ruffian (level 9, -10/61 HPs)
             Began as an Octopode Shapeshifter on Feb 13, 2024.
             Was an Initiate of Gozag.
             Mangled by a gnoll sergeant
             ... wielding a +6 heavy spear
              (17 damage)
             ... on level 5 of the Dungeon.
             The game lasted 00:10:49 (5566 turns).

timneilson the Ruffian (Octopode Shapeshifter)      Turns: 5566, Time: 00:10:50

Health: -10/61     AC:  1    Str: 17    XL:     9   Next: 36%
Magic:  9/9        EV: 15    Int: 12    God:    Gozag
Gold:   654        SH:  0    Dex: 12    Spells: 8/8 levels left

rFire   . .          .
                       - Unarmed
rCold   . . .        (no shield)
rNeg    . . .        (helmet currently unavailable)
rPois   .            l - amulet of the acrobat
rElec   .            g - ring of willpower
rCorr   .            (no ring)
SInv    .            (no ring)
Will    +....        (no ring)
Stlth   ++++         (no ring)
HPRegen 0.30/turn    (no ring)
MPRegen 0.11/turn    (no ring)
                     (no ring)

%: acrobat
@: beast-form
A: beast (slay +3), almost no armour, amphibious, 8 rings, camouflage 1,
gelatinous body 1, (nimble swimmer 1), tentacles
a: Begin Untransformation, Renounce Religion, Potion Petition, Call Merchant,
Bribe Branch


You were on level 5 of the Dungeon.
You worshipped Gozag.
Gozag was pleased with you.
You were a hulking beast.
You visited 2 branches of the dungeon, and saw 7 of its levels.

You collected 709 gold pieces.
You paid 55 gold pieces to Gozag.

Inventory:

Missiles
 a - 2 poisoned darts (quivered)
Armour
 p - a +2 hat
Jewellery
 g - a ring of willpower (left tentacle)
 l - an amulet of the acrobat (around mantle)
Talismans
 b - a beast talisman (active)
 c - a flux talisman
 j - a serpent talisman
Wands
 h - a wand of mindburst (4)
 n - a wand of polymorph (6)
 s - a wand of flame (12)
Scrolls
 d - 3 scrolls of identify
 e - 2 scrolls of revelation
 f - a scroll of butterflies
 i - a scroll of amnesia {unknown}
 o - a scroll of poison {unknown}
 r - 2 scrolls of teleportation
Potions
 k - 2 potions of enlightenment
 m - 3 potions of mutation
 q - a potion of attraction
 t - a potion of lignification
 v - a potion of invisibility


   Skills:
 * Level 5.5 Fighting
 * Level 5.8 Dodging
 + Level 5.4 Stealth
 * Level 6.1 Unarmed Combat
 + Level 3.2 Evocations
 * Level 5.9 Shapeshifting


You had 8 spell levels left.
You didn't know any spells.
Your spell library contained the following spells:

 Spells                   Type           Power      Damage    Failure   Level
 Kiss of Death            Conj/Necr      0%         2d5       32%         1
 Confusing Touch          Hex            0%         N/A       69%         3
 Dispel Undead            Necr           0%         3d6       97%         4
 Conjure Ball Lightning   Conj/Air       0%         3x3d6     100%        6
 Discord                  Hex            0%         N/A       100%        8
 Disjunction              Tloc           0%         N/A       100%        8


Dungeon Overview and Level Annotations

Branches:
Dungeon (6/15)             Temple (1/1) D:4

Altars:
Ashenzari
Elyvilon
Fedhas
Gozag
Hepliaklqana
Makhleb
Nemelex Xobeh
Okawaru
Qazlal
Ru
Sif Muna
Uskayaw
Vehumet
Wu Jian
Xom
Yredelemnul
The Shining One
Beogh

Shops:
D:1 (   D:6 ?

Annotations:
D:3 3 runed translucent doors, justen's ghost, weakling HuBe


Innate Abilities, Weirdness & Mutations

You are a hulking beast.
Your limbs bulge with bestial killing power. (Slay +3)
You cannot wear most types of armour.
You are amphibious.
You can wear up to eight rings at the same time.
Your skin changes colour to match your surroundings (Stealth+).
Your rubbery body absorbs attacks. (AC +1, EV +1)
((You are camouflaged when in or above water. (Stealth+)))
You have tentacles for arms and can constrict up to eight enemies at once.


Message History

You tentacle-slap the bullfrog. You squeeze the bullfrog!
The bullfrog is heavily wounded.
You constrict the bullfrog. The bullfrog barely misses you.
The jackal bites you.
You completely miss the bullfrog. You squeeze the bullfrog!
You kill the bullfrog!
The jackal barely misses you.
A gnoll comes into view. It is quivering 3 throwing nets.
The jackal attacks as it pursues you! The jackal completely misses you.
The jackal misses you.
Things that are here:
8 gold pieces; a +0 whip The jackal is distracted by your dazzling golden aura.
There is a stone staircase leading up here.
A gnoll comes into view.
It is wielding a +0 flail and quivering a throwing net.
The gnoll sergeant barely misses you.
The gnoll sergeant attacks as it pursues you!
The gnoll sergeant hits you from afar with a +6 heavy spear!
The jackal is no longer distracted by gold.
A gnoll comes into view.
There is a stone staircase leading up here.
You climb upwards.
There is a stone staircase leading down here.
You tentacle-slap the gnoll sergeant. Your grab misses the gnoll sergeant.
The gnoll sergeant is lightly wounded.
The gnoll sergeant hits you with a +6 heavy spear!
You tentacle-slap the gnoll sergeant. You grab the gnoll sergeant.
The gnoll sergeant is lightly wounded.
You constrict the gnoll sergeant.
The gnoll sergeant hits you with a +6 heavy spear!!
* * * LOW HITPOINT WARNING * * *
You tentacle-slap the gnoll sergeant. x2
The gnoll sergeant is moderately wounded.
You constrict the gnoll sergeant, but do no damage.
The gnoll sergeant blocks your attack.
The gnoll sergeant is moderately wounded.
You constrict the gnoll sergeant.
The gnoll sergeant hits you with a +6 heavy spear!
You die...
Your body crumbles into a pile of gold.

....#####
#.##.≈≈§≈§≈§......###
........#
#.##.....§.(§.#####.#
.######.#
#..#######..###
###.## .# #.#
##...####...# #.[...
.# #.#
###.##...#.#####.#.##
.# #.#
#.#..###...........
## #.# #.#.##
#######.#.#. #.#
#.g.# #.#.#. #.#
#.h## #<#.#. #.# ##.#
###.#. #.# #.# #.#.
#.# #.# #.#. #.# #.#
#... #.# #.# ####
#.########.#
#..........#
##########.#


You could see a gnoll sergeant.

Vanquished Creatures
  Grinder (D:5)
  Edmund (D:5)
  A water moccasin (D:6)
  2 ice beasts (D:6)
  2 ogres (D:6)
  A centaur (D:6)
  A phantom (D:6)
  A bullfrog (D:6)
  4 scorpions
  4 bombardier beetles
  6 hounds
  3 orc priests
  A gnoll bouda (D:4)
  A sleepcap (D:4)
  4 iguanas
  5 orc wizards
  13 gnolls
  6 adders
  2 dart slugs (D:1)
  A ribbon worm (D:3)
  6 orcs
  8 ball pythons
  5 giant cockroaches
  6 goblins
  7 hobgoblins
  A jackal (D:6)
  4 kobolds
  A quokka (D:4)
  A bat (D:1)
  3 frilled lizards
  4 rats
106 creatures vanquished.

Notes
Turn   | Place    | Note
-------+----------+-------------------------------------------
     0 | D:1      | timneilson the Octopode Shapeshifter began the quest for
                  | the Orb.
     0 | D:1      | Reached XP level 1. HP: 13/13 MP: 1/1
    26 | D:1      | Found Luoh's Weapon Shoppe.
    39 | D:1      | Reached XP level 2. HP: 18/18 MP: 2/2
   173 | D:1      | Reached skill level 1 in Stealth
   282 | D:1      | Reached XP level 3. HP: 23/23 MP: 3/3
   859 | D:2      | Noticed a scorpion
   870 | D:2      | Killed a scorpion
   871 | D:2      | Reached XP level 4. HP: 12/29 MP: 4/4
  1151 | D:2      | Reached XP level 5. HP: 35/35 MP: 5/5
  1594 | D:3      | Found a faded altar of an unknown god.
  1642 | D:3      | Found a runed translucent gate.
  1643 | D:3      | Found a runed translucent gate.
  1643 | D:3      | Noticed justen's ghost (weakling HuBe)
  1644 | D:3      | Found a runed translucent gate.
  1845 | D:3      | Found a broken altar of Ashenzari.
  2054 | D:3      | Found a roughly hewn altar of Beogh.
  2202 | D:4      | Found an ornate altar of the Wu Jian Council.
  2384 | D:4      | Reached XP level 6. HP: 15/41 MP: 6/6
  2511 | D:4      | Reached skill level 4 in Unarmed Combat
  2866 | D:4      | Found a staircase to the Ecumenical Temple.
  2873 | Temple   | Entered the Ecumenical Temple
  2892 | Temple   | Became a worshipper of Gozag Ym Sagoz the Greedy
  3046 | D:4      | Identified the +0 robe "Vejay" {Harm Rampage Will- Int+5}
  3092 | D:5      | Entered Level 5 of the Dungeon
  3301 | D:5      | Noticed Grinder
  3314 | D:5      | Killed Grinder
  3315 | D:5      | Reached skill level 1 in Evocations
  3315 | D:5      | Reached XP level 7. HP: 17/46 MP: 7/7
  3609 | D:5      | Noticed Edmund
  3624 | D:5      | Killed Edmund
  3785 | D:5      | Found a hazy altar of Hepliaklqana.
  4243 | D:6      | Reached XP level 8. HP: 54/54 MP: 8/8
  4330 | D:6      | Reached skill level 5 in Unarmed Combat
  4417 | D:6      | Reached skill level 5 in Shapeshifting
  4590 | D:6      | Reached skill level 5 in Dodging
  4979 | D:6      | Found Qidig's Magic Scroll Shoppe.
  5000 | D:6      | Reached skill level 5 in Fighting
  5018 | D:6      | Reached XP level 9. HP: 21/61 MP: 9/9
  5216 | D:6      | Reached skill level 5 in Stealth
  5355 | D:6      | Reached skill level 6 in Unarmed Combat
  5566 | D:5      | Mangled by a gnoll sergeant

Illustrated notes

Levels and vault maps discovered:
D:1:      minmay_arrival_wavy_path, layout_loops_ring, serial_shops,
          nicolae_shop_bloodbath_and_beyond
D:2:      layout_basic
D:3:      layout_basic, cheibrodos_ashenzari_chains, basic_ecumenical_altar,
          biasface_ghost_orc_armoury
D:4:      layout_cave_pods, lemuel_round_altar,
          minmay_temple_entry_enclosed_plants
D:5:      layout_basic, mainiacjoe_overflow_catwalk, uniq_grinder, uniq_edmund
D:6:      minmay_chambers_of_threes, layout_cave_pods, serial_gnoll_camp,
          gnoll_camp_medium_01, gnoll_camp_mini_loothouse, gnoll_camp_mini_hut,
          gnoll_camp_mini_doghouse, gnoll_camp_mini_shop, gnoll_camp_mini_hut
Temple:   compressed_dpeg_circular_temple

Skill      XL: |  1  2  3  4  5  6  7  8  9 |
---------------+----------------------------+-----
Stealth        | 1 2 3 4 5 |  5.4
Fighting       | 2 3 4 5 |  5.5
Dodging        | 3 4 5 |  5.8
Unarmed Combat | 4 5 6 |  6.1
Shapeshifting  | 4 5 |  5.9
Evocations     | 1 2 3 |  3.2

Action                     |  1- 3 |  4- 6 |  7- 9 || total
---------------------------+-------+-------+-------++-------
  Melee: Unarmed           |    48 |    86 |   152 ||   286
         Constrict         |    14 |    23 |    34 ||    71
         Tentacles         |     6 |    23 |    43 ||    72
         Punch             |     1 |     6 |     5 ||    12
  Throw: Dart              |       |       |     7 ||     7
  Evoke: Wand              |       |       |     3 ||     3
    Use: Scroll            |     6 |     6 |     3 ||    15
         Potion            |       |       |     6 ||     6
   Stab: Sleeping          |     3 |     4 |     4 ||    11
         Distracted        |       |     1 |       ||     1
 Armour: Skin              |    13 |    30 |    60 ||   103
  Dodge: Dodged            |    38 |    46 |    80 ||   164

Table legend: (Time is in decaauts)
 A = Elapsed time spent in this place.
 B = Non-inter-level travel time spent in this place.
 C = Inter-level travel time spent in this place.
 D = Time resting spent in this place.
 E = Time spent auto-exploring this place.
 F = Levels seen in this place.
 G = Mean time per level.
                   A        B        C        D        E       F      G
               +--------+--------+--------+--------+--------+-----+--------+
         Total |   5535 |   5367 |    168 |   1080 |   2989 |   7 |  790.7 |
       Dungeon |   5500 |   5346 |    154 |   1080 |   2989 |   6 |  916.7 |
        Temple |     34 |     20 |     14 |      0 |      0 |   1 |   34.0 |
               +--------+--------+--------+--------+--------+-----+--------+

Top non-repeatable levels by time:
     D:6: 1308 daAuts
     D:4: 1240 daAuts
     D:3: 866 daAuts
     D:5: 826 daAuts
     D:1: 670 daAuts
     D:2: 589 daAuts
  Temple: 34 daAuts
